 Dungeon Crawl Stone Soup version 0.30-a0-587-gfd7c166f36 (webtiles) character file.

Game seed: 17959631158725995104

3886 Citaku the Protected (level 10, -6/88 HPs)
             Began as a Minotaur Fighter on Jan 4, 2023.
             Was an Initiate of Ashenzari.
             Mangled by a two-headed ogre
             ... wielding a +0 giant club
              (20 damage)
             ... on level 8 of the Dungeon.
             The game lasted 00:11:34 (6004 turns).

Citaku the Protected (Minotaur Fighter)             Turns: 6004, Time: 00:11:35

Health: -6/88      AC: 14    Str: 24    XL:     10   Next: 0%
Magic:  9/9        EV:  9    Int:  5    God:    Ashenzari [......]
Gold:   458        SH:  5    Dex: 11    Spells: 9/9 levels left

rFire   . . .      SeeInvis .    a - +0 war axe
rCold   . . .      Faith    .    c - +0 buckler
rNeg    . . .      Spirit   .    b - +0 scale mail
rPois   .          Reflect  .    (helmet restricted)
rElec   .          Harm     .    u - +0 cloak
rCorr   .          Rampage  .    (no gloves)
Will    +....                    (no boots) Stlth
                                 (no amulet)
HPRegen 0.34/turn                q - +4 ring of protection
MPRegen 0.11/turn                y - ring of willpower

@: no status effects
A: horns 2, retaliatory headbutt
a: Renounce Religion, Curse Item


You were on level 8 of the Dungeon.
You worshipped Ashenzari.
Ashenzari was noncommittal.
You visited 2 branches of the dungeon, and saw 9 of its levels.

You collected 458 gold pieces.

Inventory:

Hand Weapons
 a - a +0 war axe (weapon)
Missiles
 H - a throwing net (quivered)
Armour
 b - a +0 scale mail (worn)
 c - a +0 buckler (worn)
 u - a +0 cloak (worn)
Jewellery
 q - a +4 ring of protection (left hand)
 y - a ring of willpower (right hand)
 I - a ring of ice
Wands
 o - a wand of roots (14)
 B - a wand of paralysis (7)
 D - a wand of flame (26)
 J - a wand of light (3)
Scrolls
 f - 2 scrolls of enchant armour {unknown}
 g - 2 scrolls of vulnerability {unknown}
 h - 9 scrolls of identify {unknown}
 j - 8 scrolls of teleportation {unknown}
 l - 2 scrolls of fear {unknown}
 p - a scroll of poison {unknown}
 r - 3 scrolls of magic mapping {unknown}
 s - a scroll of noise {unknown}
 v - a scroll of butterflies {unknown}
 w - 2 scrolls of silence {unknown}
 x - a scroll of torment {unknown}
 A - a scroll of brand weapon {unknown}
 C - 2 scrolls of amnesia {unknown}
 F - a scroll of blinking {unknown}
Potions
 d - a potion of cancellation {unknown}
 e - 4 potions of curing {unknown}
 i - 2 potions of degeneration {unknown}
 k - 7 potions of heal wounds {unknown}
 m - 3 potions of attraction {unknown}
 n - a potion of brilliance {unknown}
 t - 2 potions of flight {unknown}
 z - 2 potions of resistance {unknown}
 E - a potion of mutation {unknown}
 G - a potion of lignification {unknown}
 K - a potion of invisibility {unknown}


   Skills:
 + Level 7.9 Fighting
 * Level 10.3 Axes
 * Level 10.5 Armour
 + Level 7.9 Shields


You had 9 spell levels left.
You didn't know any spells.
Your spell library contained the following spells:

 Spells                   Type           Power      Damage    Failure   Level
 Sandblast                Erth           0%         2d4       80%         1
 Slow                     Hex            0%         N/A       80%         1
 Passwall                 Tmut/Erth      0%         N/A       91%         2
 Confusing Touch          Hex            0%         N/A       99%         3
 Gell's Gravitas          Tloc           0%         N/A       99%         3
 Lesser Beckoning         Tloc           0%         N/A       99%         3
 Ozocubu's Armour         Ice            0%         N/A       99%         3
 Stone Arrow              Conj/Erth      0%         3d7       99%         3
 Teleport Other           Tloc           0%         N/A       99%         3
 Vampiric Draining        Necr           0%         2d6       99%         3
 Olgreb's Toxic Radiance  Pois           0%         N/A       100%        4
 Ozocubu's Refrigeration  Ice            0%         4d7       100%        7
 Ignition                 Fire           0%         3d3       100%        8


Dungeon Overview and Level Annotations

Branches:
Dungeon (8/15)             Temple (1/1) D:6            Lair (0/5) D:8

Altars:
Ashenzari
Cheibriados
Dithmenos
Fedhas
Gozag
Kikubaaqudgha
Okawaru
Ru
Sif Muna
Trog
Uskayaw
Vehumet
Wu Jian
Xom
Yredelemnul


Innate Abilities, Weirdness & Mutations

You have a pair of horns on your head.
You reflexively headbutt those who attack you in melee.


Message History

You barely miss the black bear. You headbutt the black bear!
The black bear is almost dead.
The black bear bites you but does no damage.
You block the black bear's attack. The black bear barely misses you.
You hit the black bear.
You kill the black bear!
You have reached level 10!
Found a flail.
Found a stone staircase leading down.
A two-headed ogre comes into view.
It is wielding a +0 giant club and a +0 giant spiked club.
The two-headed ogre shouts in stereo!
The two-headed ogre barely misses you. You block the two-headed ogre's attack.
You hit the two-headed ogre.
Your headbutt misses the two-headed ogre.
The two-headed ogre is lightly wounded.
You hit the two-headed ogre.
The two-headed ogre is lightly wounded.
The two-headed ogre hits you with a +0 giant club.
The two-headed ogre misses you.
You hit the two-headed ogre.
The two-headed ogre is lightly wounded.
The two-headed ogre hits you with a +0 giant club!!
The two-headed ogre hits you with a +0 giant spiked club!
You hit the two-headed ogre but do no damage.
The two-headed ogre is lightly wounded.
You hit the two-headed ogre.
The two-headed ogre is moderately wounded.
The two-headed ogre hits you with a +0 giant club.
The two-headed ogre hits you with a +0 giant spiked club!!
* * * LOW HITPOINT WARNING * * *
You hit the two-headed ogre.
The two-headed ogre is moderately wounded.
The two-headed ogre hits you with a +0 giant club.
* * * LOW HITPOINT WARNING * * *
The two-headed ogre closely misses you.
You slash the two-headed ogre!
The two-headed ogre is heavily wounded.
The two-headed ogre closely misses you. You furiously retaliate!
You headbutt the two-headed ogre.
The two-headed ogre hits you with a +0 giant spiked club!!
You die...

#.>..........#†..###+
#.)..........#.......
#............#.......
#............#.......
#......#######.......
#......# ########
#......# #......#
#...@O.#
#######.......
....... .......
....... .......
....!.# ......#


You could see a two-headed ogre.

Vanquished Creatures
  Grinder (D:3)
  Sigmund (D:3)
  6 yaks (D:8)
  A steam dragon (D:6)
  Menkaure (D:5)
  5 water moccasins
  The ghost of Citaku the Trooper, an amateur MiFi (D:3)
  3 black bears (D:8)
  A sky beast (D:8)
  An ogre (D:7)
  2 centaurs
  A phantom (D:5)
  2 bullfrogs
  4 scorpions
  A necrophage (D:6)
  2 howler monkeys (D:7)
  A hound (D:5)
  2 orc priests
  Jessica (D:2)
  A gnoll bouda (D:6)
  4 iguanas
  8 orc wizards
  7 adders
  3 gnolls (D:6)
  2 white imps
  3 worms
  2 dart slugs
  25 orcs
  7 ball pythons
  4 endoplasms
  2 giant cockroaches
  5 goblins
  5 hobgoblins
  2 quokkas
  7 bats
  4 frilled lizards
  6 kobolds
  A rat (D:1)
135 creatures vanquished.

Vanquished Creatures (others)
  27 fungi (D:8)
  23 plants (D:8)
50 creatures vanquished.

Grand Total: 185 creatures vanquished

Notes
Turn   | Place    | Note
-------+----------+-------------------------------------------
     0 | D:1      | Citaku the Minotaur Fighter began the quest for the Orb.
     0 | D:1      | Reached XP level 1. HP: 19/19 MP: 0/0
     4 | D:1      | Noticed an electric eel
     5 | D:1      | Noticed an electric eel
   151 | D:1      | Reached XP level 2. HP: 27/27 MP: 1/1
   510 | D:1      | Found a faded altar of an unknown god.
   761 | D:2      | Reached XP level 3. HP: 24/33 MP: 2/2
   851 | D:2      | Noticed Jessica
   855 | D:2      | Killed Jessica
   856 | D:2      | Reached XP level 4. HP: 38/40 MP: 3/3
  1551 | D:3      | Reached XP level 5. HP: 47/47 MP: 4/4
  1593 | D:3      | Reached skill level 5 in Armour
  1694 | D:3      | Found an ancient bone altar of Kikubaaqudgha.
  1776 | D:3      | Noticed Sigmund
  1793 | D:3      | Killed Sigmund
  1794 | D:3      | Reached skill level 5 in Axes
  1794 | D:3      | Reached XP level 6. HP: 32/55 MP: 5/5
  1909 | D:3      | Noticed Grinder
  1912 | D:3      | Paralysed by Grinder for 5 turns
  1927 | D:3      | Killed Grinder
  1928 | D:3      | Reached skill level 5 in Fighting
  1928 | D:3      | Reached skill level 5 in Shields
  1928 | D:3      | Reached XP level 7. HP: 15/61 MP: 6/6
  2533 | D:3      | Found a large runed translucent door.
  2533 | D:3      | Found a large runed translucent door.
  2538 | D:3      | Noticed Citaku's ghost (amateur MiFi)
  2643 | D:3      | Killed Citaku's ghost
  3223 | D:4      | Found a shimmering blue altar of Sif Muna.
  3461 | D:5      | Entered Level 5 of the Dungeon
  3462 | D:5      | Noticed Menkaure
  3470 | D:5      | Killed Menkaure
  3638 | D:5      | Reached XP level 8. HP: 70/70 MP: 7/7
  3843 | D:5      | Found a radiant altar of Vehumet.
  4258 | D:6      | Found a staircase to the Ecumenical Temple.
  4464 | D:6      | Found a shimmering altar of Xom.
  4492 | D:6      | Identified the +5 trident "Jicyehip" {freeze, +Blink}
  4505 | D:6      | Reached XP level 9. HP: 78/78 MP: 8/8
  4563 | D:6      | Found an opulent altar of Gozag.
  4623 | Temple   | Entered the Ecumenical Temple
  4718 | Temple   | Became a worshipper of Ashenzari the Shackled
  4903 | D:7      | Found a bloodstained altar of Trog.
  5694 | D:8      | Reached skill level 10 in Armour
  5849 | D:8      | Reached skill level 10 in Axes
  5927 | D:8      | Found a staircase to the Lair.
  5977 | D:8      | Reached XP level 10. HP: 88/88 MP: 9/9
  5989 | D:8      | Noticed a two-headed ogre
  6004 | D:8      | Mangled by a two-headed ogre

Illustrated notes

Levels and vault maps discovered:
D:1:      arrival_aquarium_b, layout_loops_ring,
          shapermc_ecumenical_altar_acropolis, minivault_11
D:2:      layout_loops_ring, uniq_jessica
D:3:      layout_basic, lemuel_doored_altar, ebering_ghost_disaster_area,
          uniq_sigmund, uniq_grinder
D:4:      layout_cave_pools, tgw_sif, hangedman_decor_opposing
D:5:      layout_cave_pools, vehumet_altar_wand_db,
          minmay_a_box_with_orc_wizards_in_it, uniq_menkaure
D:6:      layout_cave_pools, mainiacjoe_overflow_alcove_2, marbit_many_paths,
          minmay_temple_entry_stoned_glass
D:7:      layout_basic, amcnicky_altar_gilded, chequers_serial_rivers_room_b,
          st_stairs_3
D:8:      layout_gridville, grunt_qazlal_sundering, due_lair_maze_entry_diamond
Temple:   hellmonk_temple_beads

Skill      XL: |  1  2  3  4  5  6  7  8  9 |
---------------+----------------------------+-----
Armour         | 4 5 6 7 8 10 | 10.5
Axes           | 3 4 5 6 8 10 | 10.3
Fighting       | 4 5 6 7 |  7.9
Shields        | 4 5 6 7 |  7.9

Action                   |  1- 3 |  4- 6 |  7- 9 | 10-12 || total
-------------------------+-------+-------+-------+-------++-------
Melee: War axe           |    55 |    83 |   254 |     7 ||   399
       Headbutt          |     5 |    10 |    40 |       ||    55
  Use: Potion            |       |     1 |     1 |       ||     2
Armor: Scale mail        |    41 |    37 |   163 |       ||   241
Dodge: Dodged            |    32 |    23 |   125 |     4 ||   184
Block: Buckler           |    18 |    23 |    64 |     1 ||   106

Table legend: (Time is in decaauts)
 A = Elapsed time spent in this place.
 B = Non-inter-level travel time spent in this place.
 C = Inter-level travel time spent in this place.
 D = Time resting spent in this place.
 E = Time spent auto-exploring this place.
 F = Levels seen in this place.
 G = Mean time per level.
                   A        B        C        D        E       F      G
               +--------+--------+--------+--------+--------+-----+--------+
         Total |   6089 |   6089 |      0 |    305 |   4170 |   9 |  676.6 |
       Dungeon |   5980 |   5980 |      0 |    305 |   4093 |   8 |  747.5 |
        Temple |    108 |    108 |      0 |      0 |     77 |   1 |  108.0 |
               +--------+--------+--------+--------+--------+-----+--------+

Top non-repeatable levels by time:
     D:3: 1454 daAuts
     D:7: 830 daAuts
     D:1: 767 daAuts
     D:6: 674 daAuts
     D:2: 667 daAuts
     D:4: 637 daAuts
     D:5: 551 daAuts
     D:8: 398 daAuts
  Temple: 108 daAuts
